 Dungeon Crawl Stone Soup version 0.23.0 (webtiles) character file.

Game seed: 554066694570289255

125 Kisielow the Magician (level 4, -2/24 HPs)
             Began as a Deep Elf Wizard on Feb 18, 2019.
             Slain by an orc
             ... wielding a +3 short sword
              (4 damage)
             ... on level 4 of the Dungeon.
             The game lasted 00:11:10 (3352 turns).

Kisielow the Magician (Deep Elf Wizard)             Turns: 3352, Time: 00:11:11

Health: -2/24      AC:  2    Str:  3 (4)  XL:     4   Next: 82%
Magic:  2/13       EV: 12    Int: 21 (24) God:
Gold:   130        SH:  0    Dex: 11 (13) Spells: 4/13 levels left

rFire    . . .     SeeInvis .   (no weapon)
rCold    . . .     Gourm    .   (no shield)
rNeg     . . .     Faith    .   a - +0 robe
rPois    .         Spirit   .   b - +0 hat
rElec    .         Reflect  .   (no cloak)
rCorr    .         Harm     .   (no gloves)
MR       .....                  (no boots)
Stlth    ++........             (no amulet)
HPRegen  0.08/turn              (no ring)
MPRegen  0.13/turn              (no ring)

@: flying
A: no striking features
a: no special abilities


You were on level 4 of the Dungeon.
You were hungry.

You visited 1 branch of the dungeon, and saw 4 of its levels.

You collected 130 gold pieces.

Inventory:

Armour
 a - a +0 robe (worn)
 b - a +0 hat (worn)
Jewellery
 l - an uncursed amulet of magic regeneration {unknown}
Scrolls
 c - 2 scrolls of remove curse
 g - 2 scrolls of noise
 k - a scroll of identify {unknown}
Potions
 h - a potion of resistance {unknown}
 i - a potion of curing {unknown}
Comestibles
 d - 5 rations
 j - 2 chunks of flesh


   Skills:
 - Level 2.4 Dodging
 - Level 2.4 Stealth
 - Level 5.0 Spellcasting
 * Level 4.3 Conjurations
 - Level 1.1 Summonings
   Level 1.1 Translocations
 + Level 1.9 Fire Magic


You had 4 spell levels left.
You knew the following spells:

 Your Spells              Type           Power        Failure   Level  Hunger
e - Conjure Flame         Conj/Fire      ###.....     9%          3    ##.....
l - Call Imp              Summ           #.......     11%         2    None
q - Magic Dart            Conj           ###.         1%          1    None
w - Mephitic Cloud        Conj/Pois/Air  ##......     19%         3    ##.....

Your spell library contained the following spells:

 Spells                   Type           Power        Failure   Level  Hunger
 Blink                    Tloc           N/A          11%         2    None
 Slow                     Hex            #.......     16%         2    None


Dungeon Overview and Level Annotations

Branches:
Dungeon (4/15)
 Temple: D:4-7

Altars:
Nemelex Xobeh

Annotations:
D:3 Purgy, Terence


Message History

* * * LOW HITPOINT WARNING * * *
There is a stone staircase leading down here.
The giant cockroach waves its antennae.
The giant cockroach closely misses you. The orc hits you with a +3 short sword.
* * * LOW HITPOINT WARNING * * *
You climb downwards.
Found a stone staircase leading up.
There is a stone staircase leading up here.
It was a potion of flight.
You feel very buoyant.
You fly up into the air.
The giant cockroach bites you.
* * * LOW HITPOINT WARNING * * *
The orc closely misses you.
It was a potion of degeneration.
There was something very wrong with that liquid.
You feel weakened.
You feel dopey.
You feel clumsy. The giant cockroach bites you.
* * * LOW HITPOINT WARNING * * *
The orc hits you with a +3 short sword.
You die...

<.# ...
#.# #.#
#.# #.#
#s# #@#
#o.......
..######.
####


You could see an orc and a giant cockroach.

Vanquished Creatures
  2 adders (D:3)
  3 oozes
  A worm (D:2)
  A dart slug (D:3)
  A leopard gecko (D:2)
  An orc (D:4)
  2 giant cockroaches
  4 goblins
  6 hobgoblins
  3 jackals
  2 quokkas
  5 bats
  6 frilled lizards
  12 kobolds
  6 rats
55 creatures vanquished.

Vanquished Creatures (collateral kills)
  A worker ant (D:4)
  2 worms (D:2)
  A dart slug (D:2)
  A bat (D:3)
  2 goblins (D:2)
  A hobgoblin (D:2)
  10 jackals
18 creatures vanquished.

Grand Total: 73 creatures vanquished

Notes
Turn   | Place    | Note
-------+----------+-------------------------------------------
     0 | D:1      | Kisielow the Deep Elf Wizard began the quest for the Orb.
     0 | D:1      | Reached XP level 1. HP: 10/10 MP: 7/7
   337 | D:1      | Reached XP level 2. HP: 15/15 MP: 2/9
   516 | D:1      | Learned a level 2 spell: Call Imp
  1214 | D:2      | Reached XP level 3. HP: 19/19 MP: 9/11
  1219 | D:2      | Learned a level 3 spell: Mephitic Cloud
  1223 | D:2      | Learned a level 3 spell: Conjure Flame
  1456 | D:2      | Reached skill level 5 in Spellcasting
  2042 | D:2      | Found a sparkling altar of Nemelex Xobeh.
  2196 | D:3      | Reached skill level 1 in Fire Magic
  2209 | D:3      | Noticed Purgy
  2625 | D:3      | Reached XP level 4. HP: 24/24 MP: 8/13
  3232 | D:3      | Noticed Terence
  3334 | D:4      | Noticed a centaur
  3352 | D:4      | Slain by an orc

Skill      XL: |  1  2  3  4 |
---------------+-------------+-----
Conjurations   | 2 3 4 |  4.3
Spellcasting   | 5 |  5.0
Fire Magic     | 1 |  1.9
Dodging        | |  2.4
Stealth        | |  2.4
Summonings     | |  1.1
Translocations | |  1.1

Action                   |  1- 3 |  4- 6 || total
-------------------------+-------+-------++-------
Melee: Unarmed           |     6 |     5 ||    11
 Cast: Magic Dart        |    84 |    35 ||   119
       Call Imp          |    24 |     9 ||    33
       Mephitic Cloud    |     2 |     5 ||     7
       Conjure Flame     |     1 |       ||     1
  Use: Scroll            |     2 |       ||     2
       Potion            |       |     2 ||     2
  Eat: Chunk             |     5 |     2 ||     7
Armor: Robe              |     4 |     6 ||    10
Dodge: Dodged            |    13 |    28 ||    41
